 Dungeon Crawl Stone Soup version 0.28-a0-1435-g82390b3a13 (webtiles) character file.

Game seed: 16787015783754133905

25029 namelastname112 the Fighter (level 12, 0/159 HPs)
             Began as a Grey Draconian Wanderer on Jan 10, 2022.
             Was an Elder of Dithmenos.
             Slain by a black mamba (8 damage)
             ... on level 1 of the Lair of Beasts.
             The game lasted 00:20:05 (16230 turns).

namelastname112 the Fighter (DrWn)                 Turns: 16230, Time: 00:20:05

Health: 0/159      AC: 30    Str: 17    XL:     12   Next: 85%
Magic:  7/19       EV:  2    Int: 10    God:    Dithmenos [****..]
Gold:   455        SH:  0    Dex: 22    Spells: 11/11 levels left

rFire   . . .      SeeInvis .   (no weapon)
rCold   . . .      Faith    .   (no shield)
rNeg    . . .      Spirit   .   (armour unavailable)
rPois   +          Reflect  .   (helmet currently unavailable)
rElec   .          Harm     .   (cloak currently unavailable)
rCorr   .          Rampage  .   (gloves currently unavailable)
Will    .....      NoTele   +   (boots currently unavailable)
Stlth   +++++++...              k - amulet of regeneration
HPRegen 1.16/turn               x - +6 ring of dexterity
MPRegen 0.16/turn               I - +4 ring of protection

@: tree-form, wreathed by umbra, studying Maces & Flails
A: stationary, stasis, torment immunity, boosted hp, AC +13, (amphibious),
unfitting armour, (cold-blooded)
a: Renounce Religion, Shadow Step


You were on level 1 of the Lair of Beasts.
You worshipped Dithmenos.
Dithmenos was greatly pleased with you.
You were a tree.
You visited 3 branches of the dungeon, and saw 16 of its levels.

You collected 642 gold pieces.
You spent 187 gold pieces at shops.

Inventory:

Hand Weapons
 a - a +1 hand crossbow
 b - a +5 dagger of speed
 D - a +0 triple crossbow
Missiles
 c - 134 bolts
 q - 2 throwing nets (quivered)
Armour
 v - a +1 pair of gloves of infusion (melded)
 B - a +0 pair of boots (melded)
Jewellery
 k - an amulet of regeneration (around neck)
 x - a +6 ring of dexterity (left branch)
 I - a +4 ring of protection (right branch)
Wands
 n - a wand of iceblast (8)
 s - a wand of polymorph (5)
 w - a wand of digging (7)
 y - a wand of flame (31)
Scrolls
 e - 3 scrolls of immolation
 f - a scroll of teleportation
 g - a scroll of fear
 l - 3 scrolls of identify
 m - a scroll of enchant weapon
 o - 3 scrolls of magic mapping
 u - a scroll of amnesia
 C - 2 scrolls of enchant armour
Potions
 d - a potion of flight
 h - 5 potions of attraction
 i - 3 potions of ambrosia
 p - 3 potions of lignification
 r - a potion of might
 t - 3 potions of haste
 z - 4 potions of mutation
 A - 2 potions of brilliance
Miscellaneous
 j - a tin of tremorstones (2/2)
 F - a condenser vane (inert)
 G - a piece from Xom's chessboard (15/15)


   Skills:
 + Level 10.1 Fighting
 + Level 8.9 Short Blades
 + Level 8.9 Crossbows
 + Level 8.2 Dodging
 + Level 9.0 Stealth
 - Level 9.7 Invocations
 + Level 4.6 Evocations


You had 11 spell levels left.
You didn't know any spells.
Your spell library contained the following spells:

 Spells                   Type           Power      Damage    Failure   Level
 Apportation              Tloc           0%         N/A       36%         1
 Call Canine Familiar     Summ           0%         N/A       75%         3
 Conjure Flame            Conj/Fire      0%         6-21      75%         3
 Ignite Poison            Fire/Tmut/Pois 0%         N/A       75%         3
 Portal Projectile        Hex/Tloc       0%         N/A       75%         3
 Leda's Liquefaction      Hex/Erth       0%         N/A       98%         4
 Sticky Flame             Conj/Fire      0%         2d3       98%         4
 Alistair's Intoxication  Tmut/Pois      0%         N/A       100%        5


Dungeon Overview and Level Annotations

Branches:
Dungeon (13/15)            Temple (1/1) D:6            Lair (2/6) D:10
  Swamp (0/4) Lair:2          Orc (0/2) D:11
 Shoals: Lair:2-4     Snake: Lair:2-4    Spider: Lair:2-4    Vaults: D:13-14

Altars:
Ashenzari
Cheibriados
Dithmenos
Elyvilon
Fedhas
Gozag
Hepliaklqana
Kikubaaqudgha
Makhleb
Nemelex Xobeh
Okawaru
Qazlal
Ru
Sif Muna
Trog
Uskayaw
Vehumet
Wu Jian
Xom
Yredelemnul
Zin
The Shining One
Beogh

Shops:
D:9 *

Annotations:
Lair:1 3 runed translucent doors, orehx's ghost, journeyman GrEE


Innate Abilities, Weirdness & Mutations

You are a tree.
Your roots penetrate the ground, keeping you stationary.
You cannot be teleported.
You are immune to unholy pain and torment.
Your maximum health is greatly increased.
Your equipment is partially melded.
((Your dull iron-grey scales are very hard. (AC +13)))
((You are amphibious.))
You cannot fit into any form of body armour.
((You are cold-blooded and may be slowed by cold attacks.))


Message History

The black mamba barely misses you!
You take 3 damage, and have 16/159 hp!
You thrash the black mamba!
The black mamba is moderately wounded!
Your shadow misses the black mamba!
The black mamba bites you! * * * don't die
* * * You are poisoned!
The black mamba poisons you!!!
The black mamba bites you! * * * don't die
* * * You are lethally poisoned!!!
The black mamba poisons you!!!
You take 5 damage, and have 11/159 hp!
You closely miss the black mamba!
The black mamba is moderately wounded! * * * don't die
* * * You feel extremely sick!
The black mamba bites you but does no damage! x2
You take 6 damage, and have 5/159 hp!
You feel better!
The black mamba bites you but does no damage!
You regained 11 hp, and now have 16/159 hp!
You closely miss the black mamba!
The black mamba is lightly wounded!
The black mamba barely misses you!
The black mamba bites you but does no damage!
You thrash the black mamba!
The black mamba is moderately wounded!
The black mamba bites you!!! * * * don't die
* * * The black mamba bites you but does no damage!
You take 9 damage, and have 8/159 hp!
Aiming: Iceblast
Press: ? - help, Shift-Dir - straight line The mass of ice explodes!!!
The iceblast engulfs the black mamba!!!!!!
The black mamba is almost dead!
The black mamba bites you! * * * don't die
* * * The black mamba bites you!!! rip

#.....# #.###..>..######..≈≈≈≈≈≈
#...### #..#.......## ###≈≈≈≈≈≈
#..## ###....⌠....#######...≈.
#..# ##...#####....##.##..##≈
#..# ##....# #....##.....###
#..######....########.........###
...##..##....#....##....##....#.#
...#..'.........S.........+......
....#..⌠.....⌠..♣..⌠.....⌠.......
....#.........................###
.....#.#....#.#.....#...#.....#
##..#####...#######.....#.....#
#..# ##...#####.#....#.....##
#..# ##....#.#.....#.......##
##.^# ##....⌠..†.#...........
##..# ##..(....##...........
....# ##...>.###............


You could see a black mamba.

Vanquished Creatures
  A boulder beetle (D:7)
  A hydra (D:7)
  An ogre mage (D:13)
  5 two-headed ogres
  A tengu warrior (D:13)
  Nergalle (Lair:1)
  A skeletal warrior (D:12)
  Pikel (D:7)
  An ugly thing (D:12)
  A deep elf pyromancer (D:13)
  2 gargoyles (D:11)
  4 cane toads
  An unseen horror (D:11)
  2 kobold demonologists
  3 komodo dragons
  2 trolls
  A hornet (D:11)
  Prince Ribbit (D:6)
  Grinder (D:3)
  5 blink frogs (Lair:1)
  7 shadows
  A vampire (D:12)
  3 wyverns
  3 wraiths
  3 steam dragons
  22 yaks
  2 basilisks
  Grum (D:8)
  6 water moccasins
  An ice beast (D:8)
  An orc warrior (D:9)
  3 black bears
  4 necrophages
  3 wolves (D:8)
  An ogre (D:13)
  6 centaurs
  A lemure (D:7)
  A phantom (D:7)
  7 bullfrogs
  3 gnoll sergeants
  A kobold brigand (D:10)
  3 scorpions
  2 wyvern zombies
  A water moccasin skeleton (D:7)
  16 killer bees
  5 electric eels
  A jelly (shapeshifter) (D:13)
  5 centaur zombies
  5 hounds
  8 orc priests
  A gnoll shaman (D:9)
  A jelly (D:5)
  Jessica (D:2)
  Ijyb (D:4)
  3 iguanas
  7 orc wizards
  A hound skeleton (D:5)
  4 adders
  21 gnolls
  2 shadow imps (D:7)
  An ufetubus (D:6)
  An adder skeleton (D:4)
  3 worms
  3 dart slugs
  26 orcs
  A ball python (D:4)
  2 bats
  4 endoplasms
  3 giant cockroaches
  6 hobgoblins
  6 quokkas
  5 goblins
  8 kobolds
  5 rats
  A spectral goblin (D:1)
279 creatures vanquished.

Vanquished Creatures (collateral kills)
  2 killer bees (Lair:2)
2 creatures vanquished.

Vanquished Creatures (others)
  A killer bee (Lair:2)
  18 fungi
  20 plants
39 creatures vanquished.

Grand Total: 320 creatures vanquished

Notes
Turn   | Place    | Note
-------+----------+-------------------------------------------
     0 | D:1      | namelastname112 the Draconian Wanderer began the quest for
                  | the Orb.
     0 | D:1      | namelastname112 set off with the following items: a +1 hand
                  | crossbow, a tin of tremorstones (2/2), 26 bolts
     0 | D:1      | Reached XP level 1. HP: 16/16 MP: 1/1
   141 | D:1      | Reached XP level 2. HP: 23/23 MP: 2/2
   388 | D:1      | Found a faded altar of an unknown god.
   797 | D:2      | Noticed Jessica
   798 | D:2      | Killed Jessica
   799 | D:2      | Reached XP level 3. HP: 29/29 MP: 2/4
   843 | D:2      | Found a glowing golden altar of the Shining One.
   976 | D:2      | You fall into a shaft and drop 2 floors!
  1051 | D:3      | Found an opulent altar of Gozag.
  1052 | D:3      | Found an opulent altar of Gozag.
  1057 | D:3      | Found an opulent altar of Gozag.
  1058 | D:3      | Noticed Grinder
  1071 | D:3      | Killed Grinder
  1072 | D:3      | Reached skill level 2 in Fighting
  1072 | D:3      | Reached skill level 1 in Short Blades
  1072 | D:3      | Reached skill level 1 in Dodging
  1072 | D:3      | Reached XP level 4. HP: 4/37 MP: 5/5
  1072 | D:3      | Reached XP level 5. HP: 4/42 MP: 6/6
  1362 | D:3      | Found an opulent altar of Gozag.
  2121 | D:3      | Reached XP level 6. HP: 50/50 MP: 7/7
  3211 | D:4      | Reached skill level 3 in Fighting
  3738 | D:5      | Entered Level 5 of the Dungeon
  3765 | D:5      | Noticed Ijyb
  3809 | D:4      | Paralysed by Ijyb for 2 turns
  3816 | D:4      | Killed Ijyb
  3817 | D:4      | Your scales start taking on a dull iron-grey colour.
  3817 | D:4      | Reached XP level 7. HP: 32/57 MP: 9/9
  4053 | D:5      | Noticed a steam dragon
  4054 | D:5      | Noticed a steam dragon
  4419 | D:5      | Killed a steam dragon
  4486 | D:5      | Killed a steam dragon
  4487 | D:5      | Reached skill level 4 in Fighting
  4622 | D:5      | Reached XP level 8. HP: 66/66 MP: 9/11
  5064 | D:6      | Reached skill level 5 in Crossbows
  5064 | D:6      | Noticed Prince Ribbit
  5112 | D:6      | Killed Prince Ribbit
  5182 | D:6      | Reached skill level 5 in Fighting
  5491 | D:6      | Reached skill level 5 in Invocations
  5535 | D:6      | Found a staircase to the Ecumenical Temple.
  5542 | Temple   | Entered the Ecumenical Temple
  5780 | Temple   | Became a worshipper of Dithmenos the Shadowed
  6018 | D:6      | Reached XP level 9. HP: 74/74 MP: 12/12
  6223 | D:7      | Noticed a boulder beetle
  6252 | D:7      | Killed a boulder beetle
  6253 | D:7      | Reached skill level 5 in Stealth
  6333 | D:7      | Reached skill level 6 in Fighting
  6333 | D:7      | Reached skill level 5 in Short Blades
  6385 | D:7      | Reached skill level 5 in Dodging
  6806 | D:7      | Reached XP level 10. HP: 80/84 MP: 14/14
  6812 | D:7      | Noticed a five-headed hydra
  6823 | D:7      | Killed a five-headed hydra
  7441 | D:8      | Noticed Pikel
  7500 | D:7      | Killed Pikel
  7501 | D:7      | Reached skill level 7 in Fighting
  7523 | D:8      | Noticed a two-headed ogre
  7589 | D:8      | Noticed Grum
  7603 | D:8      | Reached * piety under Dithmenos
  7659 | D:8      | Killed Grum
  7807 | D:8      | Killed a two-headed ogre
  8414 | D:9      | Found Noimakh's Assorted Antiques.
  8417 | D:9      | Bought a scroll labelled WIUK NEDORPH for 22 gold pieces
  8417 | D:9      | Bought a pair of embroidered gloves for 165 gold pieces
  8514 | D:9      | Reached ** piety under Dithmenos
  9191 | D:10     | Entered Level 10 of the Dungeon
  9205 | D:10     | Found a staircase to the Lair.
  9236 | D:9      | Reached XP level 11. HP: 69/93 MP: 7/16
  9885 | D:10     | Reached skill level 8 in Fighting
 10267 | D:10     | Reached *** piety under Dithmenos
 10620 | D:11     | Found a staircase to the Orcish Mines.
 12158 | D:11     | Found a shadowy altar of Dithmenos.
 12487 | D:12     | Noticed a white ugly thing
 12512 | D:12     | Killed a white ugly thing
 13490 | D:13     | Noticed a tengu warrior
 13490 | D:13     | Noticed a centaur warrior
 13490 | D:13     | Noticed a skeletal warrior
 13490 | D:13     | Noticed a skeletal warrior
 13491 | D:13     | Noticed a skeletal warrior
 13491 | D:13     | Noticed a skeletal warrior
 13493 | D:13     | Killed a tengu warrior
 13696 | D:12     | Killed a skeletal warrior
 13697 | D:12     | Reached skill level 9 in Fighting
 13697 | D:12     | Reached XP level 12. HP: 35/104 MP: 0/18
 14020 | D:13     | Noticed a two-headed ogre
 14020 | D:13     | Noticed a two-headed ogre
 14034 | D:13     | Killed a two-headed ogre
 14148 | D:13     | Noticed an ogre mage
 14148 | D:13     | Noticed a two-headed ogre
 14153 | D:13     | Killed a two-headed ogre
 14156 | D:13     | Noticed a two-headed ogre
 14159 | D:13     | Killed an ogre mage
 14165 | D:13     | Killed a two-headed ogre
 14169 | D:13     | Killed a two-headed ogre
 14171 | D:13     | Reached **** piety under Dithmenos
 14222 | D:13     | Noticed a catoblepas
 14365 | Lair:1   | Entered Level 1 of the Lair of Beasts
 14600 | Lair:1   | Noticed Nergalle
 14664 | Lair:1   | Killed Nergalle
 14968 | Lair:1   | Noticed orehx's ghost (journeyman GrEE)
 14978 | Lair:1   | Found a runed translucent gate.
 14978 | Lair:1   | Found a runed translucent gate.
 14979 | Lair:1   | Found a runed translucent gate.
 15892 | Lair:2   | Found a staircase to the Swamp.
 15924 | Lair:2   | Reached skill level 10 in Fighting
 16226 | Lair:1   | HP: 5/159 [poisoned by a black mamba]
 16230 | Lair:1   | Slain by a black mamba

Illustrated notes

Levels and vault maps discovered:
D:1:      giann_forest_graveyard, layout_basic,
          dreamdust_ecumenical_altar_drowned_temple, serial_bayou_lagoon_a,
          feat_on_display
D:2:      layout_basic, basic_altar, uniq_jessica
D:3:      layout_loops_ring, nicolae_gozag_conspicuous_consumption,
          gup_sewer_entry_bowl, hangedman_glass_teeth, kennysheep_pointless_box,
          uniq_grinder
D:4:      layout_cave_pods
D:5:      kennysheep_steamy, layout_rooms, serial_bayou_lake_a, uniq_ijyb
D:6:      layout_loops_cross, minmay_temple_entry_enclosed_plants,
          uniq_prince_ribbit1
D:7:      layout_layer_cave, minmay_manual_mail
D:8:      layout_rooms, serial_bayou, serial_bayou_shore_b, serial_bayou_pond_d,
          serial_bayou_shore_b, serial_bayou_pond_b, david_defended_altar_orc,
          uniq_grum, uniq_pikel
D:9:      layout_basic, serial_shops, nicolae_shop_behind_doors
D:10:     layout_irregular_city, minmay_lair_entry_grove
D:11:     layout_grid_maze, david_orc_3, grunt_dithmenos_shadows
D:12:     layout_basic
D:13:     layout_rooms, david_vaults_4
Temple:   mainiacjoe_temple_starburst
Lair:1:   layout_small_grid, gammafunk_ghost_split, grunt_megastairs_5,
          serial_bayou_shore_a, infiniplex_staircase_pool_2, uniq_nergalle
Lair:2:   layout_gridlike, swamp_mist, dummy_spider_entry,
          ebering_ghost_disaster_area, special_room [special_room_bee]

Skill      XL: |  1  2  3  4  5  6  7  8  9 10 11 12 |
---------------+-------------------------------------+-----
Crossbows      | 3 4 5 6 7 8 |  8.9
Fighting       | 2 3 4 5 6 7 9 10 | 10.1
Short Blades   | 1 2 3 4 5 6 7 8 |  8.9
Dodging        | 1 2 3 4 5 6 7 8 |  8.2
Stealth        | 2 3 4 5 6 7 9 |  9.0
Invocations    | 2 3 4 5 6 7 8 9 |  9.7
Evocations     | |  4.6

Action                   |  1- 3 |  4- 6 |  7- 9 | 10-12 || total
-------------------------+-------+-------+-------+-------++-------
Melee: Dagger            |     5 |   129 |   390 |  1135 ||  1659
       Tailslap          |       |    22 |    78 |   245 ||   345
       Punch             |       |     2 |     7 |    19 ||    28
       Unarmed           |       |       |       |     6 ||     6
 Fire: Hand crossbow     |    42 |       |    20 |    84 ||   146
       Triple crossbow   |       |       |       |    30 ||    30
Evoke: Tin of tremorston |     2 |       |       |       ||     2
       Wand              |       |       |     3 |     6 ||     9
       Condenser vane    |       |       |       |     2 ||     2
  Use: Scroll            |       |       |       |    23 ||    23
       Potion            |       |       |       |     3 ||     3
 Stab: Sleeping          |     1 |     2 |     9 |    29 ||    41
       Paralysed         |       |       |     8 |     1 ||     9
       Distracted        |       |       |     1 |     1 ||     2
Armor: Skin              |     1 |    27 |    96 |   283 ||   407
Dodge: Dodged            |     5 |    55 |   157 |   804 ||  1021

Table legend: (Time is in decaauts)
 A = Elapsed time spent in this place.
 B = Non-inter-level travel time spent in this place.
 C = Inter-level travel time spent in this place.
 D = Time resting spent in this place.
 E = Time spent auto-exploring this place.
 F = Levels seen in this place.
 G = Mean time per level.
                   A        B        C        D        E       F      G
               +--------+--------+--------+--------+--------+-----+--------+
         Total |  15413 |  14593 |    820 |   1361 |  10625 |  16 |  963.3 |
       Dungeon |  13454 |  12714 |    740 |   1237 |   9214 |  13 | 1034.9 |
        Temple |    292 |    239 |     53 |      0 |    232 |   1 |  292.0 |
          Lair |   1665 |   1638 |     27 |    124 |   1179 |   2 |  832.5 |
               +--------+--------+--------+--------+--------+-----+--------+

Top non-repeatable levels by time:
    D:12: 1657 daAuts
    D:11: 1569 daAuts
     D:4: 1451 daAuts
  Lair:1: 1406 daAuts
    D:10: 1207 daAuts
     D:3: 1189 daAuts
     D:7: 1177 daAuts
     D:9: 924 daAuts
     D:6: 867 daAuts
     D:2: 850 daAuts
     D:8: 743 daAuts
     D:1: 732 daAuts
     D:5: 702 daAuts
    D:13: 382 daAuts
  Temple: 292 daAuts
